[Event "Team 45 45 League T50"]
[Site "Internet Chess Club"]
[Date "2011.08.25"]
[Round "3"]
[White "kwameh72"]
[Black "smsxman"]
[Result "1/2-1/2"]
[WhiteElo "1683"]
[BlackElo "1474"]
[Opening "French: Winawer (Nimzovich) variation"]
[ECO "C15"]
[Time "07:05:54"]
[TimeControl "2700+45"]

1. d4 d5 2. e4 e6 3. Nc3 Bb4 4. Qd3 Nc6 5. a3 dxe4 6. Qg3 Qxd4 7. Ne2 Bxc3+ 8.
bxc3 Qe5 9. Bf4 Qf6 10. Bg5 Qe5 11. Bf4 Qf6 12. Qe3 b6 13. Bg5 Qe5 14. Ng3 Nf6
15. Bf4 Ng4 16. Qd2 Qd5 17. O-O-O Qxd2+ 18. Rxd2 e5 19. Bg5 f6 20. Be3 f5 21.
Bb5 Bb7 22. Nxf5 Nxe3 23. fxe3 g6 24. Nh6 a6 25. Bc4 Na5 26. Bf7+ Kf8 27. Rd7
Kg7 28. Ng4 Bc8 29. Rxc7 Bxg4 30. Be6+ Kh6 31. Bxg4 b5 32. Be6 Rhe8 33. Ba2 Rec8
34. Rxc8 Rxc8 35. Kd2 Rd8+ 36. Ke2 Rc8 37. Kd2 Rd8+ 38. Ke2 Rc8 39. Kd2 Rd8+ 40.
Ke2 Rc8 {Game drawn by repetition} 1/2-1/2

[Event "Team 45 45 League T50"]
[Site "Internet Chess Club"]
[Date "2011.08.26"]
[Round "3"]
[White "Razorbackchess"]
[Black "j316chuck"]
[Result "1/2-1/2"]
[WhiteElo "1745"]
[BlackElo "1651"]
[Opening "Grünfeld: exchange, classical variation"]
[ECO "D86"]
[Time "23:03:00"]
[TimeControl "2700+45"]

1. d4 Nf6 2. c4 g6 3. Nc3 d5 4. cxd5 Nxd5 5. e4 Nxc3 6. bxc3 Bg7 7. Bc4 c5 8.
Ne2 Nc6 9. Be3 Qa5 10. O-O cxd4 11. cxd4 O-O 12. Rb1 Qc7 13. Rc1 Qd8 14. Qd2 Bd7
15. Bh6 e6 16. Bxg7 Kxg7 17. f4 a6 18. d5 Qb6+ 19. Kh1 exd5 20. Bxd5 Rfd8 21.
Qc3+ Kg8 22. Qf6 Rf8 23. h4 Qd8 24. Qxd8 Rfxd8 25. Rfe1 Nb4 26. Bxb7 Rab8 27.
Rc7 Nxa2 28. Bxa6 Bb5 29. Bxb5 Rxb5 30. Nc3 Nxc3 31. Rxc3 Rb2 32. g3 Rdd2 {Game
drawn by mutual agreement} 1/2-1/2

[Event "Team 45 45 League T50"]
[Site "Internet Chess Club"]
[Date "2011.08.28"]
[Round "3"]
[White "Invicta-Knight"]
[Black "hi12980"]
[Result "1-0"]
[WhiteElo "1438"]
[BlackElo "1409"]
[Opening "Center game: Paulsen attack"]
[ECO "C22"]
[Time "15:05:11"]
[TimeControl "2700+45"]

1. e4 e5 2. d4 exd4 3. Qxd4 Nc6 4. Qe3 Be7 5. Nc3 d6 6. h3 Be6 7. f4 g6 8. Bd2
Bf6 9. O-O-O Qe7 10. Bb5 Bd7 11. Nd5 Qd8 12. Bc3 a6 13. Nxf6+ Nxf6 14. Bxc6 Bxc6
15. Qd4 Bxe4 16. Qxf6 Qxf6 17. Bxf6 Rf8 18. Re1 d5 19. Nf3 Kd7 20. Rhf1 Rfe8 21.
Rf2 Re6 22. Bc3 h6 23. Rd2 c6 24. Ne5+ Ke7 25. Bb4+ Kf6 26. g4 Rae8 27. Nd7+ Kg7
28. Nc5 Rd6 29. Nxe4 Rde6 30. Bc3+ Kf8 31. Kd1 Rxe4 32. Rxe4 Rxe4 33. Be5 f6 34.
Bxf6 Rxf4 35. Bh4 g5 36. Rf2 Rxf2 37. Bxf2 Kf7 38. Kd2 Ke6 39. Bg3 c5 40. Kd3 b5
41. a3 Kd7 42. c3 Kc6 43. b4 c4+ 44. Kd4 Kb7 45. Kxd5 Kb6 46. Kd6 a5 47. Ke6
axb4 48. axb4 Kc6 49. Bd6 Kb6 50. Bf8 Kc6 51. Bxh6 Kc7 52. Bxg5 Kc6 53. h4 Kc7
54. h5 Kc6 55. h6 Kc7 56. h7 Kc6 57. h8=Q Kc7 58. Qd8+ Kc6 59. Qd7+ Kb6 60. Bd8+
Ka6 61. Qc6+ Ka7 62. Bb6+ Ka6 63. Bc7+ Ka7 64. Qb6+ Ka8 65. Qb8# {Black
checkmated} 1-0

[Event "Team 45 45 League T50"]
[Site "Internet Chess Club"]
[Date "2011.08.27"]
[Round "3"]
[White "werdnac"]
[Black "BrerRabbit"]
[Result "0-1"]
[WhiteElo "1287"]
[BlackElo "1507"]
[Opening "Pirc defense"]
[ECO "B07"]
[Time "19:00:55"]
[TimeControl "2700+45"]

1. e4 d6 2. d4 Nf6 3. Nd2 g6 4. Ngf3 Bg7 5. Bc4 O-O 6. O-O Nxe4 7. Bxf7+ Rxf7 8.
Nxe4 d5 9. Nc3 Nc6 10. Be3 Bg4 11. Kh1 a6 12. Qe2 Qd6 13. Rad1 Raf8 14. Qd3 Bxf3
15. gxf3 Rxf3 16. Rd2 Bh6 17. Nd1 Na5 18. Re2 Nc4 19. b3 Nxe3 20. Nxe3 c6 21. c4
Bxe3 22. Rxe3 Rxf2 23. Ree1 Qxh2# {White checkmated} 0-1

[Event "Team 45 45 League T50"]
[Site "Internet Chess Club"]
[Date "2011.08.29"]
[Round "3"]
[White "kidviper"]
[Black "zepled37"]
[Result "1-0"]
[WhiteElo "1928"]
[BlackElo "1637"]
[Opening "Queen's gambit declined"]
[ECO "D30"]
[Time "19:17:07"]
[TimeControl "2700+45"]

1. d4 d5 2. c4 e6 3. g3 c5 4. cxd5 exd5 5. Bg2 Nf6 6. Bg5 h6 7. Bxf6 Qxf6 8. e3
cxd4 9. exd4 Be6 10. Ne2 g5 11. Qb3 Qe7 12. O-O Nc6 13. Nbc3 O-O-O 14. Rfe1 Qb4
15. Qc2 Bg7 16. a3 Qd6 17. b4 Kb8 18. Red1 Rhe8 19. Rac1 Qe7 20. Qb3 Qd7 21. Rd2
Ne7 22. Na4 Nc6 23. Nc5 Qd6 24. a4 Bh8 25. a5 Bc8 26. Qa4 Bg7 27. b5 Ne7 28. Rb2
Nf5 29. Bf1 Ne7 30. Rb4 Bh8 31. Qb3 f5 32. Qa4 f4 33. Kg2 Bg7 34. b6 a6 35. Qc2
Nc6 36. Ra4 Rf8 37. f3 fxg3 38. hxg3 Qf6 39. Qc3 h5 40. Qd3 h4 41. g4 Qf7 42.
Nxa6+ bxa6 43. Rxc6 Bd7 44. Rc7 Rc8 45. Ra7 Qe8 46. Ra8+ Kb7 47. Qxa6+ Kc6 48.
b7+ Kc7 49. Qb6# {Black checkmated} 1-0

[Event "Team 45 45 League T50"]
[Site "Internet Chess Club"]
[Date "2011.08.30"]
[Round "3"]
[White "bmw2002"]
[Black "RD1974"]
[Result "0-1"]
[WhiteElo "1564"]
[BlackElo "1723"]
[Opening "English opening"]
[ECO "A13"]
[Time "18:04:15"]
[TimeControl "2700+45"]

1. c4 e6 2. g3 f5 3. Bg2 Nf6 4. Nc3 d5 5. cxd5 exd5 6. d4 c6 7. Nf3 Nbd7 8. O-O
Bd6 9. a3 O-O 10. e3 Qe8 11. b4 Nb6 12. Qb3 Nc4 13. Nd2 Nxd2 14. Bxd2 Ne4 15.
Qc2 Be6 16. Na4 Rd8 17. Bc1 Rf6 18. f3 Ng5 19. e4 Nxf3+ 20. Rxf3 dxe4 21. Rf1
Rg6 22. Bf4 Bxf4 23. Rxf4 Rxd4 24. Nc5 Rc4 25. Qe2 Qc8 26. Raf1 Rf6 27. g4 g6
28. gxf5 gxf5 29. Bxe4 Rg6+ 30. Bg2 Rxf4 31. Nxe6 Rxf1+ 32. Kxf1 Qxe6 33. Qd3
Kf7 34. b5 Rxg2 35. Kxg2 Qd5+ 36. Qxd5+ cxd5 37. Kf3 Ke6 38. Kf4 d4 39. Kf3 Ke5
40. Ke2 Ke4 {White resigns} 0-1

[Event "Team 45 45 League T50"]
[Site "Internet Chess Club"]
[Date "2011.08.27"]
[Round "3"]
[White "AlPearson"]
[Black "cys456"]
[Result "0-1"]
[WhiteElo "1279"]
[BlackElo "1573"]
[Opening "English: symmetrical variation"]
[ECO "A30"]
[Time "12:02:12"]
[TimeControl "2700+45"]

1. c4 c5 2. Nf3 Nc6 3. d4 cxd4 4. Nxd4 Nf6 5. Nc3 g6 6. g3 Bg7 7. Bg2 e6 8. O-O
d5 9. cxd5 Nxd5 10. Nxc6 bxc6 11. Qa4 Bd7 12. Nxd5 cxd5 13. Qa3 Qe7 14. Qxe7+
Kxe7 15. Rb1 Rhe8 16. b3 Kf8 17. Ba3+ Kg8 18. Rbc1 Rac8 19. e3 Bb5 20. Rxc8 Rxc8
21. Rc1 Rxc1+ 22. Bxc1 Bc3 23. Bf1 Bxf1 24. Kxf1 Kf8 25. Ke2 Ke7 26. Bd2 Bxd2
27. Kxd2 Kd6 28. Kd3 Kc5 29. Kc3 e5 30. h4 a5 31. a3 f5 32. Kd3 h6 33. f3 e4+
34. Ke2 d4 35. fxe4 fxe4 36. exd4+ Kxd4 37. b4 a4 38. b5 Kc5 39. b6 Kxb6 40. Ke3
Kc5 41. Kxe4 Kc4 42. g4 Kb3 43. Kd3 Kxa3 44. Kc3 Ka2 45. Kc2 a3 46. Kc1 Kb3 47.
Kb1 Kc4 48. Ka2 Kd4 49. Kxa3 Ke4 50. Kb3 Kf4 51. h5 g5 52. Kc3 Kxg4 53. Kd4 Kxh5
54. Ke3 Kg4 55. Kf2 h5 56. Kg2 h4 57. Kh2 Kf3 58. Kg1 g4 59. Kf1 g3 60. Kg1 g2
61. Kh2 Kf2 62. Kh3 g1=Q 63. Kxh4 Kf3 64. Kh5 Kf4 65. Kh6 Kf5 66. Kh7 Kf6 67.
Kh8 Qg7# {White checkmated} 0-1

[Event "Team 45 45 League T50"]
[Site "Internet Chess Club"]
[Date "2011.08.27"]
[Round "3"]
[White "Salvatore"]
[Black "badmove"]
[Result "0-1"]
[WhiteElo "1540"]
[BlackElo "1767"]
[Opening "Richter-Veresov attack"]
[ECO "D01"]
[Time "16:15:57"]
[TimeControl "2700+45"]

1. d4 d5 2. Nc3 Nf6 3. Bg5 c5 4. Bxf6 gxf6 5. e4 dxe4 6. dxc5 f5 7. Qxd8+ Kxd8
8. O-O-O+ Bd7 9. Bc4 e6 10. Nb5 Nc6 11. Nd6 Ne5 12. Nxb7+ Kc7 13. Ba6 Bc8 14. c6
Nxc6 15. Ne2 Bxb7 16. Bxb7 Kxb7 17. Rd7+ Kb6 18. Rxf7 Rd8 19. c3 Rd6 20. Rd1
Rxd1+ 21. Kxd1 Bc5 22. Nf4 Bxf2 23. Nxe6 Re8 24. Ng7 Rd8+ 25. Ke2 e3 26. Nxf5
Rd2+ 27. Kf3 Ne5+ {White resigns} 0-1

[Event "Team 45 45 League T50"]
[Site "Internet Chess Club"]
[Date "2011.08.28"]
[Round "3"]
[White "Lee-D"]
[Black "Chess2Play"]
[Result "1-0"]
[WhiteElo "1296"]
[BlackElo "1591"]
[Opening "Queen's pawn, Mason variation"]
[ECO "D00"]
[Time "21:06:15"]
[TimeControl "2700+45"]

1. d4 d5 2. Bf4 Nf6 3. e3 e6 4. c3 c5 5. Nd2 Nc6 6. Ngf3 cxd4 7. cxd4 Bb4 8. a3
Be7 9. Bd3 Nh5 10. Bg3 b6 11. Rc1 Bd7 12. Ne5 Nxg3 13. hxg3 Nxe5 14. dxe5 g6 15.
O-O Rc8 16. Nf3 h5 17. Nd4 h4 18. Qg4 Rxc1 19. Rxc1 hxg3 20. Qxg3 Rg8 21. f4 Bc5
22. b4 Bxd4 23. exd4 Kf8 24. Qh3 a5 25. bxa5 bxa5 26. Qh6+ Ke8 27. Kf2 Qe7 28.
Rc5 a4 29. Qh1 g5 30. Qh7 Qf8 31. Qh2 gxf4 32. Qxf4 Qg7 33. g3 Rh8 34. Kg2 Qh7
35. Bxh7 Rxh7 36. Qd2 {Black resigns} 1-0

[Event "Team 45 45 League T50"]
[Site "Internet Chess Club"]
[Date "2011.08.30"]
[Round "3"]
[White "milesotoole"]
[Black "MateIn42"]
[Result "1-0"]
[WhiteElo "1529"]
[BlackElo "1397"]
[Opening "Scotch game"]
[ECO "C45"]
[Time "21:27:30"]
[TimeControl "2700+45"]

1. e4 e5 2. Nf3 Nc6 3. d4 exd4 4. Nxd4 Bc5 5. Nxc6 Bxf2+ 6. Kxf2 Qf6+ 7. Qf3
Qxc6 8. Bd3 d6 9. Rf1 Nf6 10. Bg5 Ng4+ 11. Ke2 f6 12. Bf4 h5 13. h3 g5 14. Bxg5
Rf8 15. hxg4 Bxg4 16. Qxg4 hxg4 17. Bxf6 d5 18. Nc3 Qe6 19. Nxd5 Kd7 20. Rad1 c6
21. Nb6+ Kc7 22. Nxa8+ Rxa8 23. b3 Re8 24. Rf4 g3 25. Bc4 Qg8 {Black resigns}
1-0

[Event "Team 45 45 League T50"]
[Site "Internet Chess Club"]
[Date "2011.08.27"]
[Round "3"]
[White "Pason"]
[Black "Zumbi"]
[Result "1/2-1/2"]
[WhiteElo "2086"]
[BlackElo "2210"]
[Opening "Dutch, Manhattan (Alapin, Ulvestad) variation"]
[ECO "A80"]
[Time "11:00:26"]
[TimeControl "2700+45"]

1. d4 f5 2. Qd3 d5 3. g4 e6 4. g5 Bd6 5. Nf3 Nd7 6. Bd2 c5 7. c4 Ne7 8. Nc3 dxc4
9. Qxc4 Nb6 10. Qd3 c4 11. Qc2 Bd7 12. h4 Rc8 13. Bg2 Nc6 14. a3 O-O 15. Rd1 Qe7
16. Qc1 e5 17. dxe5 Bxe5 18. Bf4 Bb8 {Game drawn by mutual agreement} 1/2-1/2

[Event "Team 45 45 League T50"]
[Site "Internet Chess Club"]
[Date "2011.08.27"]
[Round "3"]
[White "poni"]
[Black "check-man"]
[Result "0-1"]
[WhiteElo "1893"]
[BlackElo "1773"]
[Opening "QGD: Tartakower (Makagonov-Bondarevsky) system, 8.cd Nxd5"]
[ECO "D59"]
[Time "10:04:38"]
[TimeControl "2700+45"]

1. Nf3 Nf6 2. c4 e6 3. Nc3 d5 4. d4 Be7 5. Bg5 h6 6. Bh4 O-O 7. e3 b6 8. cxd5
Nxd5 9. Nxd5 exd5 10. Bxe7 Qxe7 11. Qc2 Bb7 12. Bd3 c5 13. O-O c4 14. Bf5 Nc6
15. Rfe1 g6 16. Bh3 Rfe8 17. a3 Bc8 18. Bxc8 Raxc8 19. b3 Na5 20. bxc4 Nxc4 21.
Qa2 Rc6 22. Rac1 Rec8 23. a4 Ne5 24. Rxc6 Nxf3+ 25. gxf3 Qg5+ 26. Kh1 Rxc6 27.
Qe2 Rc4 28. Rg1 Qf5 29. e4 Qe6 30. Qe3 Kh7 31. Ra1 Qd7 32. e5 Rxa4 33. Rc1 Rc4
34. Ra1 a5 35. Qb3 Qc7 36. Qe3 a4 37. e6 Qe7 38. exf7 Qxe3 39. f8=Q Qxd4 40. Re1
Rc7 41. Re8 Qg7 42. Qd6 d4 43. Qxb6 d3 44. Qe3 Qd7 45. Qe5 Qg7 46. Qe3 Rd7 47.
Qd2 a3 48. Ra8 Qb2 49. Qe3 d2 50. Rh8+ Qxh8 {White resigns} 0-1

[Event "Team 45 45 League T50"]
[Site "Internet Chess Club"]
[Date "2011.08.29"]
[Round "3"]
[White "mydogeatschess"]
[Black "koni"]
[Result "0-1"]
[WhiteElo "1770"]
[BlackElo "1890"]
[Opening "Philidor: Improved Hanham variation"]
[ECO "B07"]
[Time "12:01:26"]
[TimeControl "2700+45"]

1. e4 d6 2. d4 Nf6 3. Nc3 e5 4. Nf3 Nbd7 5. Bc4 Be7 6. O-O O-O 7. Be3 c6 8. h3
b5 9. Bb3 b4 10. dxe5 dxe5 11. Na4 Nxe4 12. Qd3 Nef6 13. Qc4 Qc7 14. Nc5 a5 15.
Nxd7 Nxd7 16. Qe2 Ba6 17. Bc4 Bxc4 18. Qxc4 Rad8 19. Rfd1 Bf6 20. Nd2 Nb6 21.
Bxb6 Qxb6 22. Ne4 Be7 23. b3 Rxd1+ 24. Rxd1 Rd8 25. Rxd8+ Bxd8 26. Nc5 Be7 27.
Nd3 Qc7 28. g3 g6 29. Qe4 Bf6 30. h4 Bg7 31. Qc4 Qb6 32. Nc5 Qd8 33. Nb7 Qb6 34.
Nc5 h5 35. Ne4 Qd8 36. Ng5 Qd1+ 37. Kg2 Qd5+ 38. Ne4 f5 39. Qxd5+ cxd5 40. Nd6
Bf8 41. Nb7 Kf7 42. f4 Ke8 43. fxe5 Kd7 44. Nxa5 Kc7 45. Kf3 Kb6 46. Kf4 Be7 47.
c4 bxc3 48. b4 Bxb4 49. Nb3 Be7 50. Ke3 g5 51. hxg5 Bxg5+ 52. Kd3 f4 53. gxf4
Bxf4 54. e6 Kc7 55. Nd4 h4 56. Kxc3 Be5 57. Kd3 Bxd4 58. Kxd4 h3 59. Ke5 h2 60.
Kf6 h1=Q 61. Kf7 {White resigns} 0-1

[Event "Team 45 45 League T50"]
[Site "Internet Chess Club"]
[Date "2011.08.28"]
[Round "3"]
[White "MikeA"]
[Black "hidemitsu"]
[Result "1/2-1/2"]
[WhiteElo "2202"]
[BlackElo "2244"]
[Opening "Petrov: classical attack, Jaenisch variation"]
[ECO "C42"]
[Time "13:07:37"]
[TimeControl "2700+45"]

1. e4 e5 2. Nf3 Nf6 3. Nxe5 d6 4. Nf3 Nxe4 5. d4 d5 6. Bd3 Be7 7. O-O Nc6 8. c4
Nb4 9. Be2 O-O 10. a3 Nc6 11. Nc3 Nxc3 12. bxc3 Be6 13. cxd5 Bxd5 14. Re1 Bf6
15. Rb1 b6 16. Qc2 Re8 17. Bf4 Re4 18. Be3 Re8 19. Bd3 g6 20. Nd2 Ne7 21. Ne4
Nf5 22. Bf4 Be7 23. Qd2 Nd6 24. Nxd6 Bxd6 25. Rxe8+ Qxe8 26. Bxd6 cxd6 27. c4
Bb7 28. Re1 Qd8 29. h3 Qf6 30. d5 Rc8 31. Kh2 Ba6 32. Qe2 Bxc4 33. Qg4 {Game
drawn by mutual agreement} 1/2-1/2

[Event "Team 45 45 League T50"]
[Site "Internet Chess Club"]
[Date "2011.08.28"]
[Round "3"]
[White "Catweazle"]
[Black "Kueh"]
[Result "0-1"]
[WhiteElo "1902"]
[BlackElo "2001"]
[Opening "King's Indian: fianchetto, Yugoslav system"]
[ECO "E64"]
[Time "16:00:19"]
[TimeControl "2700+45"]

1. d4 Nf6 2. c4 g6 3. g3 Bg7 4. Bg2 O-O 5. Nc3 d6 6. Nf3 c5 7. d5 Na6 8. e4 Nc7
9. O-O Rb8 10. a4 b6 11. Re1 a6 12. e5 Nfe8 13. Qe2 Bg4 14. exd6 Nxd6 15. h3
Bxf3 16. Bxf3 Bf6 17. Ne4 Nxe4 18. Qxe4 b5 19. axb5 axb5 20. Bf4 bxc4 21. Ra7
Nb5 22. Bxb8 Qxb8 23. Rxe7 Bxe7 24. Qxe7 Nd4 25. Bd1 Qxb2 26. d6 Nf5 27. Qc7 Qd2
28. Kf1 Qxd6 29. Qxd6 Nxd6 30. Bc2 f5 31. Re6 Nb5 32. Rc6 Nd4 33. Rxc5 Nxc2 34.
Rxc4 Na3 35. Ra4 Nb5 36. h4 Nc3 37. Rc4 Ne4 38. Kg2 Rd8 39. f3 Rd2+ 40. Kh3 Nf2+
41. Kg2 Ng4+ 42. Kg1 Ne5 43. Rf4 Kg7 44. h5 Kf6 45. hxg6 hxg6 46. g4 Kg5 47. Rb4
Nxf3+ 48. Kf1 f4 49. Rb6 Kh4 50. Rxg6 Kg3 {White resigns} 0-1

[Event "Team 45 45 League T50"]
[Site "Internet Chess Club"]
[Date "2011.08.30"]
[Round "3"]
[White "primerpaso"]
[Black "Freitac"]
[Result "1-0"]
[WhiteElo "1871"]
[BlackElo "1913"]
[Opening "English: Anglo-Grünfeld, Czech defense"]
[ECO "A16"]
[Time "18:31:54"]
[TimeControl "2700+45"]

1. c4 Nf6 2. Nc3 g6 3. g3 d5 4. cxd5 Nxd5 5. Bg2 Nb6 6. Nf3 Bg7 7. O-O O-O 8. d3
Nc6 9. Be3 Be6 10. Ng5 Bf5 11. Rc1 h6 12. Nge4 Qc8 13. Nc5 Bh3 14. N3a4 Bxg2 15.
Kxg2 Nxa4 16. Qxa4 Ne5 17. h3 b6 18. Ne4 c5 19. b4 Qb7 20. bxc5 f5 21. c6 Qc7
22. Nd2 Rac8 23. d4 Nf7 24. Nf3 e5 25. dxe5 Bxe5 26. Nxe5 Nxe5 27. Bxh6 Rfe8 28.
Bf4 Qe7 29. Rfd1 g5 30. Rd7 Qe6 31. Bxe5 Qxe5 32. Qc4+ Qe6 33. Qxe6+ Rxe6 34. c7
Ree8 35. Rcd1 Kf8 36. R1d5 Rxe2 37. Rd8+ Re8 38. Rxc8 {Black resigns} 1-0

[Event "Team 45 45 League T50"]
[Site "Internet Chess Club"]
[Date "2011.08.26"]
[Round "3"]
[White "Sir-Sinister"]
[Black "CaoCao"]
[Result "0-1"]
[WhiteElo "1811"]
[BlackElo "1914"]
[Opening "Caro-Kann: advance variation"]
[ECO "B12"]
[Time "22:00:44"]
[TimeControl "2700+45"]

1. e4 c6 2. d4 d5 3. e5 Bf5 4. h4 h5 5. Nc3 e6 6. Be3 Nd7 7. Bd3 Bxd3 8. Qxd3
Nh6 9. Bxh6 Rxh6 10. Nce2 c5 11. c3 cxd4 12. cxd4 Qa5+ 13. Qc3 Bb4 {White
resigns} 0-1

[Event "Team 45 45 League T50"]
[Site "Internet Chess Club"]
[Date "2011.08.25"]
[Round "3"]
[White "DreamCatcher13"]
[Black "Wheels"]
[Result "1-0"]
[WhiteElo "1976"]
[BlackElo "1796"]
[Opening "Sicilian: Najdorf, 7...Be7 main line"]
[ECO "B99"]
[Time "15:09:35"]
[TimeControl "2700+45"]

1. e4 c5 2. Nf3 d6 3. d4 cxd4 4. Nxd4 Nf6 5. Nc3 a6 6. Bg5 e6 7. f4 Be7 8. Qf3
Qc7 9. O-O-O Nbd7 10. g4 b5 11. Bxf6 Nxf6 12. g5 Nd7 13. f5 Ne5 14. Qh5 g6 15.
Qh6 Bf8 16. Qh3 exf5 17. exf5 Be7 18. Qg3 Bb7 19. Bg2 O-O-O 20. f6 Bf8 21. Nd5
Bxd5 22. Bxd5 h6 23. h4 hxg5 24. hxg5 Rxh1 25. Rxh1 Qc5 26. Qc3 Qxc3 27. bxc3
Kc7 28. Bxf7 Nxf7 29. Rh7 Rd7 30. Ne6+ Kb6 31. Nxf8 Rb7 32. Nxg6 Nxg5 33. Rxb7+
Kxb7 34. Nh8 Ne6 35. f7 Nf8 36. Kd2 Kc6 37. Ke3 Kd5 38. Kf4 Ke6 39. Kg5 a5 40.
Ng6 Kxf7 41. Nxf8 Kxf8 42. Kf6 d5 43. Ke5 {Black resigns} 1-0

[Event "Team 45 45 League T50"]
[Site "Internet Chess Club"]
[Date "2011.08.28"]
[Round "3"]
[White "Philly-Boy"]
[Black "GeorgeCostanza"]
[Result "1-0"]
[WhiteElo "1882"]
[BlackElo "1788"]
[Opening "QGD Slav: 4.Nc3"]
[ECO "D15"]
[Time "21:05:22"]
[TimeControl "2700+45"]

1. d4 d5 2. c4 c6 3. Nf3 Nf6 4. Nc3 Bf5 5. Bg5 e6 6. e3 Be7 7. Bd3 Bg6 8. Bxg6
hxg6 9. Qd3 Nbd7 10. O-O Rh5 11. Rfe1 dxc4 12. Qxc4 Rc8 13. e4 Nb6 14. Qb3 Kf8
15. Rad1 Qc7 16. e5 Nfd5 17. Bxe7+ Qxe7 18. Ne4 Rd8 19. a3 Nc8 20. Nc5 b6 21.
Ne4 g5 22. h3 Nf4 23. Qc2 f5 24. exf6 gxf6 25. Ng3 Rh8 26. Qxc6 Qh7 27. Qe4 f5
28. Qe5 Qh6 29. Nxf5 exf5 30. Qxf5+ Kg7 31. Nxg5 Rhf8 32. Qg4 Qg6 33. Re5 Rfe8
34. Qxf4 {Black resigns} 1-0

[Event "Team 45 45 League T50"]
[Site "Internet Chess Club"]
[Date "2011.08.26"]
[Round "3"]
[White "toukon"]
[Black "redarmy44"]
[Result "0-1"]
[WhiteElo "1731"]
[BlackElo "1633"]
[Opening "QGD: Marshall defense"]
[ECO "D06"]
[Time "15:00:04"]
[TimeControl "2700+45"]

1. d4 d5 2. c4 Nf6 3. cxd5 e6 4. dxe6 Bxe6 5. Nf3 Nc6 6. Bg5 Be7 7. Nc3 O-O 8.
e4 Bg4 9. d5 Ne5 10. Be2 Bxf3 11. Bxf3 Nxf3+ 12. Qxf3 Nxd5 13. Bxe7 Nxe7 14. Rd1
Qe8 15. O-O Ng6 16. Nd5 Qe5 17. Qe2 Rfe8 18. f3 Rad8 19. Qc2 c6 20. Ne3 Qc7 21.
Nf5 Ne7 22. Ng3 Ng6 23. Qc3 Qe5 24. Qxe5 Nxe5 25. b3 g6 26. Ne2 Kg7 27. Nc3 f6
28. Na4 Kf7 29. Nc5 b6 30. Nb7 Rxd1 31. Rxd1 Ke7 32. Rd2 Rb8 33. Nd6 Rd8 34. Nc4
Rxd2 35. Nxd2 Ke6 36. Kf1 Nd3 37. a3 Ke5 38. Ke2 Kd4 39. g3 Nc5 40. b4 Ne6 41.
h4 c5 42. bxc5 bxc5 43. f4 c4 44. f5 Nc5 45. fxg6 hxg6 46. g4 Nxe4 47. Nf3+ Kd5
48. Ke3 c3 49. Nd4 Nf2 50. Kxf2 Kxd4 51. Ke2 c2 52. Kd2 c1=Q+ 53. Kxc1 Ke4 54.
h5 gxh5 55. gxh5 Kf5 56. h6 Kg6 57. h7 Kxh7 58. Kd2 Kg6 59. Ke3 Kg5 60. a4 Kg4
61. Ke2 Kg3 62. a5 f5 63. a6 f4 64. Ke1 Kg2 {White resigns} 0-1

[Event "Team 45 45 League T50"]
[Site "Internet Chess Club"]
[Date "2011.08.29"]
[Round "3"]
[White "timothysmall56"]
[Black "Packerfan"]
[Result "1-0"]
[WhiteElo "1697"]
[BlackElo "1802"]
[Opening "Ruy Lopez: Schliemann defense"]
[ECO "C63"]
[Time "10:00:17"]
[TimeControl "2700+45"]

1. e4 e5 2. Nf3 Nc6 3. Bb5 f5 4. d3 fxe4 5. dxe4 Nf6 6. O-O Bc5 7. Qe2 d6 8. Qc4
Qe7 9. Nc3 Bd7 10. Nd5 Nxd5 11. exd5 Na5 12. Bxd7+ Qxd7 13. Qc3 Qb5 14. Bd2 Nc4
15. Qd3 Qa6 16. b3 Nb6 17. Qxa6 bxa6 18. c4 h6 19. Rfe1 Nd7 20. b4 Bb6 21. a4 a5
22. bxa5 Bc5 23. Rab1 Rb8 24. Rxb8+ Nxb8 25. Rb1 Na6 26. Ne1 Kd7 27. Nc2 Rb8 28.
Rxb8 Nxb8 29. Kf1 Na6 30. Ke2 c6 31. Ne3 cxd5 32. cxd5 Nb4 33. Bxb4 Bxb4 34. Nc4
Kc7 35. a6 Bc5 36. g4 g5 37. Kf3 Bd4 38. Kg3 Bc5 39. f3 Bb4 40. h3 Be1+ 41. Kg2
Bh4 42. Kf1 Bg3 43. Ke2 Bf4 44. Kd3 Bc1 45. Ke4 Bf4 46. Kf5 Bg3 47. Kg6 Bf4 48.
Kxh6 Bc1 49. Kg6 Bf4 50. Kf5 Bc1 51. Ke6 Bf4 52. Nxd6 Kb6 53. Nc4+ Kxa6 54. Nxe5
Ka5 55. d6 Be3 56. Nc4+ Kxa4 57. Nxe3 a5 58. d7 Kb3 59. d8=Q a4 60. Qb6+ Ka2 61.
Nd1 a3 62. Nc3+ Ka1 63. Qb1# {Black checkmated} 1-0

[Event "Team 45 45 League T50"]
[Site "Internet Chess Club"]
[Date "2011.08.27"]
[Round "3"]
[White "flyingpawns"]
[Black "fledermaus"]
[Result "1/2-1/2"]
[WhiteElo "1775"]
[BlackElo "1935"]
[Opening "Queen's gambit declined"]
[ECO "D30"]
[Time "12:30:36"]
[TimeControl "2700+45"]

1. d4 d5 2. c4 e6 3. Nf3 Nf6 4. e3 c5 5. Nc3 Nc6 6. cxd5 Nxd5 7. Bc4 Nb6 8. Bb5
cxd4 9. Nxd4 Bd7 10. O-O Be7 11. b3 O-O 12. Bxc6 bxc6 13. Bb2 Qc7 14. Rc1 Rac8
15. Nf3 Rfd8 16. Qc2 Nd5 17. Ne4 h6 18. Be5 Qa5 19. Nd6 Bxd6 20. Bxd6 Be8 21.
Bc5 f6 22. Nd4 e5 23. Nf5 Bg6 24. Nxh6+ Kh7 25. Nf5 Nb4 26. Bxb4 Qxb4 27. e4 Rd2
28. Qb1 Bxf5 29. exf5 Qa3 30. Rc2 Rcd8 31. h3 R8d3 32. Rfc1 Qd6 33. Rxc6 Qd7 34.
Rc7 Qxf5 35. Rf1 e4 36. Rc4 Qg6 37. Kh2 f5 38. Rc2 Qd6+ 39. Kg1 Rd1 40. Rc1 R1d2
41. Rc2 Rd1 42. Rc1 {Game drawn by mutual agreement} 1/2-1/2

[Event "Team 45 45 League T50"]
[Site "Internet Chess Club"]
[Date "2011.08.26"]
[Round "3"]
[White "chessateer"]
[Black "LazyPeon"]
[Result "1/2-1/2"]
[WhiteElo "1852"]
[BlackElo "1760"]
[Opening "Evans gambit: 5...Be7"]
[ECO "C51"]
[Time "17:01:22"]
[TimeControl "2700+45"]

1. e4 e5 2. Nf3 Nc6 3. Bc4 Bc5 4. b4 Bxb4 5. c3 Be7 6. d4 exd4 7. cxd4 Na5 8.
Bd3 d5 9. e5 Bg4 10. O-O Qd7 11. Nc3 c5 12. dxc5 Bxc5 13. Bb5 Nc6 14. Qxd5 Qxd5
15. Nxd5 Rc8 16. Be3 Bxe3 17. Nxe3 Bxf3 18. gxf3 Ne7 19. Bxc6+ Rxc6 20. Rab1 b6
21. Rfc1 Kd7 22. f4 Rhc8 23. Rd1+ Ke6 24. Rb4 Rc1 25. Rd4 Rxd1+ 26. Rxd1 Rc6 27.
Kg2 a5 28. Kf3 f6 29. exf6 Kxf6 30. Rd7 h5 31. Ke4 Ke6 32. Rb7 g6 33. h4 a4 34.
a3 Kd6 35. Ra7 b5 36. Rb7 Rc5 37. Kd4 Nf5+ 38. Nxf5+ Rxf5 39. Rb6+ Kc7 40. Rxg6
Rxf4+ 41. Kc5 b4 42. axb4 a3 43. Ra6 Rxf2 44. Rxa3 Rf5+ 45. Kd4 Rf4+ {Game drawn
by mutual agreement} 1/2-1/2

[Event "Team 45 45 League T50"]
[Site "Internet Chess Club"]
[Date "2011.08.28"]
[Round "3"]
[White "ChessicalZ"]
[Black "ddlj81"]
[Result "0-1"]
[WhiteElo "1660"]
[BlackElo "1779"]
[Opening "Nimzovich-Larsen attack: classical variation"]
[ECO "A01"]
[Time "15:31:05"]
[TimeControl "2700+45"]

1. b3 d5 2. Bb2 c5 3. Nf3 Bf5 4. d3 Nc6 5. Nbd2 d4 6. g3 Nf6 7. Bg2 e6 8. O-O
Be7 9. e4 dxe3 10. fxe3 O-O 11. Nc4 Rc8 12. Qe1 Nd7 13. a3 b5 14. Nce5 Ndxe5 15.
Nxe5 Nxe5 16. Bxe5 f6 17. Bc3 Bg6 18. Rd1 Qb6 19. Kh1 e5 20. a4 b4 21. Bb2 Rfd8
22. e4 Rc6 23. Bc1 Rcd6 24. Be3 Qc7 25. Qe2 Rf8 26. g4 a5 27. Bf2 Qc8 28. h4 Bf7
29. Bh3 Be6 30. Rg1 Kh8 31. Kh2 g6 32. Qf3 f5 33. gxf5 gxf5 34. exf5 Bxf5 35.
Bxf5 Rxf5 36. Qe4 Rxf2+ 37. Kh1 Qh3# {White checkmated} 0-1

[Event "Team 45 45 League T50"]
[Site "Internet Chess Club"]
[Date "2011.08.28"]
[Round "3"]
[White "Invicta-Knight"]
[Black "BraafPaard"]
[Result "0-1"]
[WhiteElo "1422"]
[BlackElo "1571"]
[Opening "Center game: Paulsen attack"]
[ECO "C22"]
[Time "10:04:11"]
[TimeControl "2700+45"]

1. e4 e5 2. d4 exd4 3. Qxd4 Nc6 4. Qe3 g6 5. Nc3 Bg7 6. Bd2 Nf6 7. f4 O-O 8.
O-O-O d5 9. exd5 Nxd5 10. Nxd5 Qxd5 11. Kb1 Bf5 12. Nf3 Nb4 13. Bxb4 Qxd1+ 14.
Qc1 Bxc2+ {White resigns} 0-1